AoeStats
← theclaydude

Hideout

509794798Analyzed
1v1 RM · 4d ago on Sep 28, 2026· 58m 20s· 2 players
Game mode
Random Map
Map size
Tiny (2 player)
Population
200
Speed
Normal
Resources
Standard
Victory
Conquest
Starting age
Dark Age
Ending age
Imperial Age
RankedLock teamsTeams togetherTeam positionsShared explorationLock speedFull tech treeHidden civsTurbo modeCheats
Victory
Defeat
🇹🇼 Teutons · Taiwan
974
+17
🇺🇸 Franks · United States
986
-17
jueaadjx
6:38 Loom
9:04 Feudal Age
10:36 Fletching
28:20 Castle Age
29:14 Bloodlines
30:04 Forging
29:59 Scale Barding Armor
33:15 Double-Bit Axe
44:37 Imperial Age
43:28 Bow Saw
43:02 Horse Collar
45:08 Heavy Plow
45:48 Wheelbarrow
44:58 Town Watch
45:41 Conscription
48:03 Ballistics
48:44 Chemistry
47:52 Siege Engineers
51:23 Crenellations
53:06 Scale Mail Armor
theclaydude
9:37 Loom
11:51 Feudal Age
12:27 Man-at-Arms
14:09 Arson
17:17 Double-Bit Axe
21:42 Wheelbarrow
22:57 Scale Mail Armor
24:50 Gold Mining
31:56 Castle Age
29:44 Town Watch
31:11 Forging
32:03 Pikeman
32:44 Squires
32:29 Gambesons
34:25 Iron Casting
36:39 Husbandry
48:53 Gold Shaft Mining
56:14 Imperial Age
54:48 Crossbowman
Connection lost

Rejoining the realm…

Still unreachable

The connection could not be restored.

Session expired

The server has moved on; the page needs a fresh start.